 Dungeon Crawl Stone Soup version 0.20.1-1-g8b1a95d (webtiles) character file.

9 vatarom the Insei (level 2, 0/18 HPs)
             Began as an Octopode Transmuter on Sept 20, 2017.
             Slain by a hobgoblin (2 damage)
             ... on level 1 of the Dungeon.
             The game lasted 00:00:33 (189 turns).

vatarom the Insei (Octopode Transmuter)              Turns: 189, Time: 00:00:34

Health: 0/18       AC:  1    Str:  9    XL:     2   Next: 12%
Magic:  3/5        EV: 13    Int: 15    God:
Gold:   12         SH:  0    Dex: 12    Spells: 4/5 levels left

rFire    . . .     SeeInvis .     - Unarmed
rCold    . . .     Gourm    .   (no shield)
rNeg     . . .     Faith    .   (helmet restricted)
rPois    .         Spirit   .   (no amulet)
rElec    .         Reflect  .   (no ring)
rCorr    .         Harm     .   (no ring)
MR       .....                  (no ring)
Stlth    +++.......             (no ring)
Regen    0.1/turn               (no ring)
MPRegen  0.1/turn               (no ring)
                                (no ring)
                                (no ring)

@: appendage (expiring)
A: almost no armour, stealthy swim, amphibious, 8 rings, constrict 8, tentacle
spike 3, camouflage 1, gelatinous body 1
a: End Transformation


You were on level 1 of the Dungeon.
You were not hungry.
One of your tentacles had a temporary spike.
You visited 1 branch of the dungeon, and saw 1 of its levels.

You collected 12 gold pieces.

Inventory:

Missiles
 a - 12 arrows
Books
 b - a book of Changes

   Spells                             Type                      Level
   a - Beastly Appendage              Transmutation                1
   b - Sticks to Snakes               Transmutation                2
   c - Spider Form                    Transmutation/Poison         3
   d - Ice Form                       Ice/Transmutation            4
   e - Blade Hands                    Transmutation                5
Comestibles
 c - a bread ration
 d - 2 chunks of flesh


   Skills:
 + Level 1.4 Fighting
 + Level 2.1 Dodging
 + Level 1.1 Stealth
 * Level 3.1 Unarmed Combat
 - Level 2.0 Spellcasting
 - Level 2.0 Transmutations


You had 4 spell levels left.
You knew the following spells:

 Your Spells              Type           Power        Failure   Level  Hunger
a - Beastly Appendage     Tmut           #.....       10%         1    #......


Dungeon Overview and Level Annotations

Branches:
Dungeon (1/15)

Altars:


Innate Abilities, Weirdness & Mutations

You cannot wear most types of armour.
You are very stealthy in the water. (Stealth+)
You are amphibious.
You can wear up to eight rings at the same time.
You can use your tentacles to constrict eight enemies at once.
Your skin changes colour to match your surroundings (Stealth+).
Your rubbery body absorbs attacks. (AC +1, EV +1)
One of your tentacles bears a large vicious spike.


Message History

Your transformation is almost over.
The frilled lizard bites you.
* * * LOW HITPOINT WARNING * * *
The hobgoblin completely misses you.
Unknown command.
You closely miss the hobgoblin. You grab the hobgoblin.
You pierce the hobgoblin.
You kill the hobgoblin!
The frilled lizard closely misses you.
You closely miss the frilled lizard. Your grab misses the frilled lizard.
You pierce the frilled lizard.
You kill the frilled lizard!
The hobgoblin hits you.
* * * LOW HITPOINT WARNING * * *
Unknown command.
You closely miss the hobgoblin. You grab the hobgoblin.
You squeeze the hobgoblin, but do no damage.
You constrict the hobgoblin, but do no damage.
The hobgoblin hits you.
You die...

##....##.#####
##........#.[..
#..###.###..###
##.####.........
#####..##.......####
.....?.....#####
##..#..##.######
######.....#.........
#....g@#####.........
#..##.†## #.........
....# #...[.....
...... #.........
..... #.........
....# .......... ##>P
.......... #.
P.P#######♣


You could see a hobgoblin.

Vanquished Creatures
  A leopard gecko (D:1)
  3 bats (D:1)
  2 hobgoblins (D:1)
  A frilled lizard (D:1)
  A rat (D:1)
8 creatures vanquished.

Notes
Turn   | Place    | Note
-------+----------+-------------------------------------------
     0 | D:1      | vatarom the Octopode Transmuter began the quest for the Orb.
     0 | D:1      | Reached XP level 1. HP: 13/13 MP: 3/3
     1 | D:1      | Noticed an electric eel
   185 | D:1      | Reached skill level 1 in Stealth
   185 | D:1      | Reached XP level 2. HP: 6/18 MP: 3/5
   189 | D:1      | Slain by a hobgoblin

Skill      XL: |  1 |
---------------+----+-----
Stealth        | 1 |  1.1
Fighting       | |  1.4
Dodging        | |  2.1
Unarmed Combat | |  3.1
Spellcasting   | |  2.0
Transmutations | |  2.0

Action                   || total
-------------------------++-------
Melee: Unarmed           ||    17
       Kick              ||     5
       Constrict         ||     4
       Tentacles         ||     2
 Cast: Beastly Appendage ||     4
 Stab: Sleeping          ||     1
Armor: Skin              ||     1
Dodge: Dodged            ||    13
